 Dungeon Crawl Stone Soup version 0.19-a0-1920-g83281cb (webtiles) character file.

8319 kae the Carver (level 11, -6/89 HPs)
             Began as a Formicid Fighter on Oct 23, 2016.
             Was a High Priest of Okawaru.
             Mangled by a manticore (11 damage)
             ... on level 14 of the Dungeon.
             The game lasted 00:17:15 (12388 turns).

kae the Carver (Formicid Fighter)                  Turns: 12388, Time: 00:17:16

Health: -6/89      AC:  9    Str: 25    XL:     11   Next: 53%
Magic:  18/18      EV: 12    Int: 10    God:    Okawaru [*****.]
Gold:   523        SH: 11    Dex:  8    Spells: 0 memorised, 10 levels left

rFire  + . .     SeeInvis +     d - +1 long sword (holy)
rCold  . . .     Gourm    .     b - +0 scale mail
rNeg   + . .     Faith    +     c - +0 shield
rPois  .         Spirit   .     (helmet unavailable)
rElec  .         Reflect  .     (no cloak)
rCorr  .         Harm     .     q - +1 pair of gloves
MR     ++...                    (no boots)
Stlth  ..........               m - amulet of faith
                                G - ring "Kuzerhuiti" {rF+ rN+ MR+ Int+3 Dex-2}
                                p - +3 ring of evasion

@: barbed spikes
A: permanent stasis, dig shafts and tunnels, four strong arms, antennae 3
a: Dig, Shaft Self, Heroism, Finesse, Renounce Religion


You were on level 14 of the Dungeon.
You worshipped Okawaru.
Okawaru was extremely pleased with you.
You were near starving.

You visited 1 branch of the dungeon, and saw 12 of its levels.
You also visited: Bailey.

You collected 523 gold pieces.

Inventory:

Hand Weapons
 a - a +0 long sword
 d - a +1 long sword of holy wrath (weapon)
Armour
 b - a +0 scale mail (worn)
 c - a +0 shield (worn)
 q - a +1 pair of gloves (worn)
Jewellery
 j - a +3 ring of intelligence
 m - an amulet of faith (around neck)
 p - a +3 ring of evasion (left hand)
 s - an uncursed ring of flight
 y - an uncursed ring of protection from cold {unknown}
 G - the ring "Kuzerhuiti" (right hand) {rF+ rN+ MR+ Int+3 Dex-2}
   (You found it on level 8 of the Dungeon)

   [ring of protection from fire]

   It affects your intelligence (+3).
   It affects your dexterity (-2).
   It protects you from fire.
   It protects you from negative energy.
   It affects your resistance to hostile enchantments.
Wands
 e - a wand of hasting (4/9)
 E - a wand of flame (16/48)
Scrolls
 g - a scroll of noise
 n - a scroll of magic mapping
 o - 5 scrolls of remove curse
 r - 3 scrolls of enchant weapon
 C - 3 scrolls of amnesia
 K - a scroll of fog
Potions
 h - 2 potions of mutation
 u - a potion of curing
 A - a potion of flight
Books
 x - a book of Geomancy

   Spells                             Type                      Level
   a - Sandblast                      Earth                        1
   b - Passwall                       Transmutation/Earth          2
   c - Stone Arrow                    Conjuration/Earth            3
   d - Petrify                        Transmutation/Earth          4
   e - Lee's Rapid Deconstruction     Earth                        5
 F - a book of the Sky

   Spells                             Type                      Level
   a - Summon Lightning Spire         Summoning/Air                4
   b - Airstrike                      Air                          4
   c - Silence                        Hexes/Air                    5
   d - Deflect Missiles               Charms/Air                   6
   e - Conjure Ball Lightning         Conjuration/Air              6
   f - Tornado                        Air                          9
Comestibles
 f - 5 bread rations
 k - 8 meat rations
 D - a beef jerky
 H - 2 royal jellies
 J - 6 fruits


   Skills:
 + Level 9.1 Fighting
 * Level 11.1 Long Blades
 - Level 3.2 Armour
 - Level 9.0 Shields
 * Level 9.9 Invocations


You had 10 spell levels left.
You didn't know any spells.

Dungeon Overview and Level Annotations

Branches:
Dungeon (10/15)            Temple (0/1) D:6            Lair (0/6) D:8
    Orc: D:9-12

Altars:
Ashenzari
Cheibriados
Hepliaklqana
Kikubaaqudgha
Makhleb
Okawaru
Sif Muna
Trog
Uskayaw
Vehumet
Yredelemnul
The Shining One


Innate Abilities, Weirdness & Mutations

You are under a permanent stasis effect.
You can dig through walls and to a lower floor.
Your four strong arms can wield two-handed weapons with a shield.
You have a pair of large antennae on your head. (SInv)


Message History

The manticore flicks its tail.
The volley of spikes hits you!
The barbed spikes become lodged in your body.
The manticore flicks its tail.
The volley of spikes hits you!
The barbed spikes become lodged in your body.
You barely miss the manticore. The manticore bites you.
You block the manticore's attack. The manticore claws you!
You closely miss the manticore. The manticore closely misses you.
The manticore claws you! The manticore claws you.
Your scale mail prevents you from hitting the manticore.
The manticore bites you!
* * * LOW HITPOINT WARNING * * *
You block the manticore's attack. x2
You hit the manticore but do no damage. The manticore bites you!
* * * LOW HITPOINT WARNING * * *
You block the manticore's attack. x2
You barely miss the manticore. The manticore barely misses you.
The manticore claws you!
You die...

### #.# #.# ...
### #.###.# ....
#.# ... .....
#.###.###.....
#...#.........
#...#..H......
#...'.@.......
#####.........
................
.#######+#......
...... ..#### .#
.#


You could see a manticore.

Vanquished Creatures
  The ghost of wazuzu the Basher, a novice DDBe of Trog (Bailey)
  Pikel (D:7)
  A troll (D:11)
  2 two-headed ogres (D:9)
  A hippogriff (D:7)
  Eustachio (D:5)
  A wraith (D:10)
  6 yaks
  Menkaure (D:7)
  Edmund (D:6)
  A water moccasin (D:8)
  Duvessa (D:5)
  2 ice beasts
  4 orc warriors
  2 black bears
  3 slaves (D:7)
  3 phantoms
  5 centaurs
  3 sky beasts
  4 ogres
  A crocodile (D:9)
  3 big kobolds
  5 bullfrogs
  Blork the orc (D:5)
  Dowan (D:5)
  3 scorpions
  6 killer bees (D:7)
  A howler monkey (D:9)
  4 crimson imps
  A centaur zombie (D:7)
  5 jellies
  5 orc priests
  2 bullfrog skeletons
  7 hounds
  9 orc wizards
  An iguana (D:4)
  11 worker ants
  A hound skeleton (D:7)
  2 howler monkey skeletons
  19 gnolls
  13 adders
  2 shadow imps
  2 oozes (D:4)
  An adder skeleton (D:5)
  2 adder zombies
  A worm (D:2)
  2 dart slugs
  5 leopard geckos
  45 orcs
  3 ball pythons
  4 giant cockroaches
  16 goblins
  11 hobgoblins
  7 jackals
  6 quokkas
  7 bats
  8 frilled lizards
  A jackal skeleton (D:3)
  27 kobolds
  2 quokka skeletons
  2 quokka zombies (D:5)
  11 rats
310 creatures vanquished.

Vanquished Creatures (others)
  A crimson imp (D:7)
1 creature vanquished.

Grand Total: 311 creatures vanquished

Notes
Turn   | Place    | Note
-------+----------+-------------------------------------------
     0 | D:1      | kae the Formicid Fighter began the quest for the Orb.
     0 | D:1      | Reached XP level 1. HP: 18/18 MP: 1/1
   173 | D:1      | Reached XP level 2. HP: 24/24 MP: 2/2
   777 | D:1      | Reached XP level 3. HP: 30/30 MP: 3/3
  1349 | D:1      | Reached XP level 4. HP: 34/37 MP: 4/4
  1401 | D:2      | Reached skill level 3 in Long Blades
  1630 | D:2      | Found a bloodstained altar of Trog.
  1640 | D:2      | Found an ancient bone altar of Kikubaaqudgha.
  1645 | D:2      | Found a snail-covered altar of Cheibriados.
  1717 | D:2      | Found an iron altar of Okawaru.
  1717 | D:2      | Found a hazy altar of Hepliaklqana.
  2164 | D:2      | Became a worshipper of Warmaster Okawaru
  2675 | D:3      | Reached XP level 5. HP: 42/42 MP: 5/5
  2730 | D:3      | Found a faded altar of an unknown god.
  2895 | D:3      | Reached skill level 4 in Long Blades
  2943 | D:3      | Found a radiant altar of Vehumet.
  3138 | D:4      | Reached XP level 6. HP: 34/49 MP: 6/6
  3443 | D:4      | Reached * piety under Okawaru
  3443 | D:4      | Reached skill level 5 in Long Blades
  3475 | D:4      | Reached skill level 5 in Fighting
  3805 | D:4      | Reached skill level 5 in Shields
  3805 | D:4      | Reached XP level 7. HP: 42/56 MP: 7/7
  4050 | D:5      | Entered Level 5 of the Dungeon
  4309 | D:5      | Noticed Blork the orc
  4312 | D:5      | Reached skill level 6 in Long Blades
  4482 | D:5      | Killed Blork the orc
  4482 | D:5      | Reached XP level 8. HP: 59/63 MP: 8/8
  4568 | D:5      | Reached ** piety under Okawaru
  4589 | D:5      | Noticed Duvessa
  4590 | D:5      | Noticed Eustachio
  4590 | D:5      | Noticed Dowan
  4986 | D:5      | Killed Eustachio
  4986 | D:5      | Reached skill level 7 in Long Blades
  5015 | D:5      | Killed Duvessa
  5016 | D:5      | Killed Dowan
  5210 | D:5      | Found a deep blue altar of Sif Muna.
  5526 | D:6      | Found a burning altar of Makhleb.
  5565 | D:6      | Noticed Edmund
  5581 | D:6      | Killed Edmund
  5581 | D:6      | Reached *** piety under Okawaru
  5581 | D:6      | Reached skill level 1 in Invocations
  5581 | D:6      | Reached XP level 9. HP: 59/71 MP: 7/9
  5596 | D:6      | Found a staircase to the Ecumenical Temple.
  5772 | D:6      | Reached skill level 8 in Long Blades
  6945 | D:7      | Noticed Menkaure
  6956 | D:7      | Killed Menkaure
  6964 | D:7      | Reached **** piety under Okawaru
  7127 | D:7      | Found a hide-covered altar of Uskayaw.
  7163 | D:7      | Reached skill level 5 in Invocations
  7163 | D:7      | Reached XP level 10. HP: 78/80 MP: 13/13
  7276 | D:7      | Reached skill level 9 in Long Blades
  7489 | D:7      | Noticed Pikel
  7505 | D:7      | Killed Pikel
  7564 | D:7      | Found a glowing golden altar of the Shining One.
  7568 | D:7      | Found a burning altar of Makhleb.
  8075 | D:8      | Got a flickering copper ring
  8077 | D:8      | Identified the ring "Kuzerhuiti" {rF+ rN+ MR+ Int+3 Dex-2} (You found it on level 8 of the Dungeon)
  8101 | D:8      | Found a staircase to the Lair.
  8131 | D:8      | Reached ***** piety under Okawaru
  8749 | D:8      | You fall through a shaft for 2 floors!
  8749 | D:10     | Entered Level 10 of the Dungeon
  8853 | D:9      | Found a flagged portal.
  8878 | Bailey   | Entered a bailey
  8883 | Bailey   | Noticed an orc warlord
  8895 | Bailey   | Noticed wazuzu's ghost (novice DDBe)
  8957 | Bailey   | Killed wazuzu's ghost
  8957 | Bailey   | Reached skill level 10 in Long Blades
  9358 | Bailey   | Found a runed gate.
  9359 | Bailey   | Found a runed gate.
  9360 | Bailey   | Found a runed gate.
  9546 | Bailey   | Gained mutation: You are agile. (Dex +2) [potion of beneficial mutation]
  9781 | D:9      | Reached XP level 11. HP: 84/87 MP: 17/17
  9871 | D:9      | Found a shattered altar of Ashenzari.
 10007 | D:9      | Received a gift from Okawaru
 10588 | D:9      | Found a basalt altar of Yredelemnul.
 11995 | D:10     | Noticed a fire dragon
 12006 | D:10     | Reached skill level 11 in Long Blades
 12013 | D:10     | You fall through a shaft!
 12025 | D:11     | Lost mutation: You are agile. (Dex +2) [potion of cure mutation]
 12065 | D:11     | You fall through a shaft for 3 floors!
 12374 | D:14     | Noticed a manticore
 12387 | D:14     | HP: 4/89 [manticore (15)]
 12388 | D:14     | Mangled by a manticore

Vault maps used:
D:1:      minmay_arrival_up_and_down, serial_bayou_pond_d, minmay_cupped
D:2:      minitemple, gammafunk_temple_overflow_statue
D:3:      lemuel_upstairs_altar, vehumet_crystals, ecumenical_altar_2
D:4:      first_bread
D:5:      tgw_sif, uniq_eustachio, uniq_blork_the_orc, uniq_duvessa
D:6:      bloody_makhleb, uniq_edmund
D:7:      grunt_temple_overflow_open, uniq_pikel, uniq_menkaure
D:8:      lair_0_dummy
D:9:      nicolae_ashenzari_panopticon, marbit_many_paths,
          lightli_bailey_entry_fortress, minmay_liquid_box
D:10:     grunt_livestock, uniq_urug
D:11:     hiddenorc2_lemuel, nicolae_transmutations_shop
D:14:     minmay_misc_feat_hallway, portal_ice_cave_entry_imps
Bailey:   bailey_axe_bossmonster_kennysheep, bailey

Skill      XL: |  1  2  3  4  5  6  7  8  9 10 11 |
---------------+----------------------------------+-----
Shields        | 4 5 7 8 9 |  9.0
Fighting       | 4 5 6 7 8 9 |  9.1
Long Blades    | 3 4 5 6 7 8 10 11 | 11.1
Invocations    | 1 5 8 9 |  9.9
Armour         | |  3.2

Action                   |  1- 3 |  4- 6 |  7- 9 | 10-12 || total
-------------------------+-------+-------+-------+-------++-------
Melee: Long sword        |    98 |   242 |   418 |   625 ||  1383
Invok: Heroism           |       |       |     1 |     8 ||     9
       Finesse           |       |       |       |     2 ||     2
 Abil: Dig               |       |       |     8 |     6 ||    14
       Shaft Self        |       |       |       |     2 ||     2
  Use: Scroll            |       |     6 |     9 |     7 ||    22
       Potion            |       |       |     5 |    17 ||    22
 Stab: Invisible         |       |       |     1 |       ||     1
  Eat: Chunk             |     1 |     8 |    10 |    17 ||    36
       Fruit             |       |       |     2 |       ||     2
       Beef jerky        |       |       |       |     1 ||     1
Armor: Scale mail        |    51 |    79 |   100 |   129 ||   359
       Skin              |       |       |    20 |       ||    20
Dodge: Dodged            |    37 |    85 |   166 |   253 ||   541
Block: Shield            |    58 |   114 |   205 |   399 ||   776
       Rpst.: Long sword |    14 |    29 |    53 |    65 ||   161
